 Dungeon Crawl Stone Soup version 0.22-a0-757-gdba82d8 (webtiles) character file.

74 sking99 the Skirmisher (level 4, 0/36 HPs)
             Began as a Demonspawn Fighter on July 16, 2018.
             Slain by a bat (1 damage)
             ... on level 2 of the Dungeon.
             The game lasted 00:01:32 (1593 turns).

sking99 the Skirmisher (Demonspawn Fighter)         Turns: 1593, Time: 00:01:34

Health: 0/36       AC:  7    Str: 22    XL:     4   Next: 10%
Magic:  4/4        EV:  7    Int: 10    God:
Gold:   49         SH:  9    Dex: 12    Spells: 3/3 levels left

rFire    . . .     SeeInvis .   a - +0 flail
rCold    . . .     Gourm    .   c - +0 shield
rNeg     . . .     Faith    .   b - +0 scale mail
rPois    .         Spirit   .   (no helmet)
rElec    .         Reflect  .   (no cloak)
rCorr    .         Harm     .   (no gloves)
MR       .....                  (no boots)
Stlth    ..........             (no amulet)
HPRegen  0.12/turn              (no ring)
MPRegen  0.09/turn              (no ring)

@: mighty, lethally poisoned (0 -> -2)
A: rugged brown scales 1, demonic guardian 1
a: no special abilities


You were on level 2 of the Dungeon.
You were hungry.

You visited 1 branch of the dungeon, and saw 2 of its levels.

You collected 49 gold pieces.

Inventory:

Hand Weapons
 a - a +0 flail (weapon)
Armour
 b - a +0 scale mail (worn)
 c - a +0 shield (worn)
 k - a +2 pair of boots
Jewellery
 h - an uncursed ring of poison resistance {unknown}
Scrolls
 e - a scroll of blinking {unknown}
 g - a scroll of teleportation {unknown}
 i - 2 scrolls of identify {unknown}
Comestibles
 f - 3 rations
 j - a chunk of flesh


   Skills:
 + Level 3.5 Fighting
 * Level 3.1 Maces & Flails
 - Level 2.6 Armour
 + Level 3.2 Shields


You had 3 spell levels left.
You didn't know any spells.
Your spell library was empty.

Dungeon Overview and Level Annotations

Branches:
Dungeon (2/15)

Altars:
Ashenzari


Innate Abilities, Weirdness & Mutations

You are partially covered in rugged brown scales. (AC +1, +3% HP)
A weak demonic guardian rushes to your aid.


Message History

You are feeling hungry.
You sock the adder!
You kill the adder!
You have reached level 4!
You feel clever.
* * * LOW HITPOINT WARNING * * *
You feel sick.
There is a lethal amount of poison in your body!
* * * LOW HITPOINT WARNING * * *
You feel sick.
You see here 9 gold pieces.
Found 6 gold pieces.
* * * LOW HITPOINT WARNING * * *
You feel sick.
Unknown command.
* * * LOW HITPOINT WARNING * * *
You feel sick.
A bat comes into view.
The bat hits you.
You die...

..[...# (.....##
#.......## .....<.##
#.$......# .....#..#
#........## .
###..##.#
#...#.....#.#
.###.##.#
#..#<#..#...#
..##....#
##...#.......
#..###.†###........#
#..............@b.#
##.......$.........#
#..................#
#....)...†.........#
#....†.............#
#...................#
#..............####..#
##............## #..
##..........##


You could see a bat.

Vanquished Creatures
  2 adders (D:2)
  A gnoll (D:1)
  An ooze (D:1)
  A dart slug (D:2)
  A leopard gecko (D:2)
  An orc (D:2)
  A ball python (D:2)
  2 giant cockroaches (D:1)
  2 goblins (D:1)
  3 hobgoblins
  5 bats (D:1)
  2 frilled lizards
  2 kobolds (D:1)
  5 rats
  A plant (D:1)
30 creatures vanquished.

Vanquished Creatures (collateral kills)
  Jessica (D:2)
  2 jackals (D:2)
3 creatures vanquished.

Grand Total: 33 creatures vanquished

Notes
Turn   | Place    | Note
-------+----------+-------------------------------------------
     0 | D:1      | sking99 the Demonspawn Fighter began the quest for the Orb.
     0 | D:1      | Reached XP level 1. HP: 18/18 MP: 1/1
   183 | D:1      | Found a shattered altar of Ashenzari.
   583 | D:1      | Gained mutation: You are partially covered in rugged brown scales. (AC +1, +3% HP) [demonic ancestry]
   583 | D:1      | Reached XP level 2. HP: 17/24 MP: 2/2
  1088 | D:1      | Gained mutation: A weak demonic guardian rushes to your aid. [demonic ancestry]
  1088 | D:1      | Reached XP level 3. HP: 24/29 MP: 3/3
  1198 | D:2      | Noticed Jessica
  1201 | D:2      | Killed Jessica
  1585 | D:2      | Reached XP level 4. HP: 4/36 MP: 4/4
  1591 | D:2      | HP: 1/36 [poisoned by an adder]
  1593 | D:2      | Slain by a bat

Vault maps used:
D:1:      giann_bridges, serial_bayou_ford_a, nicolae_ashenzari_panopticon
D:2:      fiery_altar_vehumet, st_stairs_14, uniq_jessica

Skill      XL: |  1  2  3 |
---------------+----------+-----
Maces & Flails | 2 3 |  3.1
Shields        | 3 |  3.2
Fighting       | |  3.5
Armour         | |  2.6

Action                   |  1- 3 |  4- 6 || total
-------------------------+-------+-------++-------
Melee: Flail             |   147 |       ||   147
  Use: Potion            |     1 |       ||     1
 Stab: Distracted        |     1 |       ||     1
  Eat: Chunk             |     2 |       ||     2
Armor: Scale mail        |    79 |       ||    79
Dodge: Dodged            |    37 |       ||    37
Block: Shield            |    78 |       ||    78

Table legend:
 A = Spawn XP
 B = Non-spawn XP
 C = Spawn XP percentage of total XP
 D = Spawn monster count
 E = Non-spawn monster count
 F = Spawn count percentage of total count
 G = Total turns spent on level
                    A         B        C        D         E        F      G
               +---------+---------+-------+---------+---------+-------+---------
         Total |       0 |     107 |   0.0 |       0 |      32 |   0.0 |  1593
               +---------+---------+-------+---------+---------+-------+---------
           D:1 |       0 |      48 |   0.0 |       0 |      19 |   0.0 |  1192
           D:2 |       0 |      59 |   0.0 |       0 |      13 |   0.0 |   401
               +---------+---------+-------+---------+---------+-------+---------
